General information
- name: BNet
- type: Ladder team game (AT/RT)
- host: Battle.net
- saver: zBluePhoenixz
map: BloodstoneMesa
- players: 6
- length: 33:33
- speed: Fast
- version: 1.21 W3XP
- replay type: Public
» download(219 KB)
Players
team 1 (winner)

»
Redhana (
green | 88 APM | 2936 actions | 33:32)
3 Mountain King
2 Storm Bolt
1 Bash
3 Paladin
2 Holy Light
1 Divine Shield
1 Naga Sea Witch
1 Frost Arrows
» actions
| Assign group hotkey | 7 | |
| Basic commands | 37 | |
| Build / train | 141 | |
| Enter build submenu | 82 | |
| Enter hero's abilities submenu | 7 | |
| Remove unit from queue | 1 | |
| Right click | 1530 | |
| Select / deselect | 474 | |
| Select group hotkey | 515 | |
| Use ability | 142 | |
2936 total
» units
| Peasant | 31 | |
| Footman | 2 | |
| Dragonhawk Rider | 4 | |
37 total
» upgrades
| Masonry | 3 | |
| Lumber Harvesting | 2 | |
| Magic Sentry | 1 | |
| Swords | 2 | |
| Armor | 2 | |
| Cloud | 1 | |
11 total
» buildings
| Altar of Kings | 1 | |
| Farm | 5 | |
| Barracks | 1 | |
| Lumber Mill | 1 | |
| Scout Tower | 60 | |
| Arcane Tower | 6 | |
| Guard Tower | 52 | |
| Keep | 1 | |
| Arcane Sanctum | 1 | |
| Arcane Vault | 3 | |
| Gryphon Aviary | 1 | |
| Town Hall | 2 | |
| Castle | 2 | |
| Blacksmith | 1 | |
137 total
» build order
00:09 Altar of Kings
00:14 Farm
00:38 Barracks
00:56 Farm
01:38 Lumber Mill
01:45 Scout Tower
02:16 Arcane Tower
02:46 Scout Tower
03:01 Farm
03:25 Guard Tower
03:30 Scout Tower
03:52 Scout Tower
03:59 Guard Tower
04:17 Keep
04:26 Guard Tower
04:30 Scout Tower
05:01 Scout Tower
05:02 Guard Tower
05:16 Scout Tower
05:30 Guard Tower
05:31 Scout Tower
05:52 Guard Tower
05:54 Scout Tower
06:00 Scout Tower
06:01 Guard Tower
06:32 Guard Tower
06:34 Scout Tower
06:36 Guard Tower
06:38 Scout Tower
06:55 Arcane Sanctum
07:01 Scout Tower
07:03 Guard Tower
07:06 Scout Tower
07:09 Guard Tower
07:10 Scout Tower
07:33 Guard Tower
07:36 Arcane Vault
07:47 Arcane Tower
07:50 Scout Tower
08:24 Scout Tower
08:43 Scout Tower
08:57 Guard Tower
09:01 Scout Tower
09:17 Guard Tower
09:28 Scout Tower
09:31 Guard Tower
09:36 Scout Tower
10:05 Guard Tower
10:11 Scout Tower
10:16 Guard Tower
10:42 Guard Tower
10:51 Scout Tower
11:08 Guard Tower
11:10 Guard Tower
11:18 Gryphon Aviary
11:21 Scout Tower
11:23 Guard Tower
11:51 Guard Tower
11:54 Scout Tower
12:11 Scout Tower
12:29 Guard Tower
12:31 Scout Tower
12:53 Scout Tower
13:03 Scout Tower
13:04 Guard Tower
13:11 Guard Tower
13:23 Town Hall
13:24 Guard Tower
13:31 Scout Tower
13:34 Scout Tower
13:37 Scout Tower
13:46 Guard Tower
13:54 Arcane Vault
14:00 Guard Tower
14:02 Scout Tower
14:06 Arcane Tower
14:11 Scout Tower
14:38 Guard Tower
15:22 Castle
16:06 Scout Tower
16:21 Guard Tower
16:24 Scout Tower
16:46 Blacksmith
16:53 Guard Tower
16:54 Scout Tower
17:56 Scout Tower
17:57 Guard Tower
18:51 Guard Tower
18:53 Scout Tower
19:25 Guard Tower
19:27 Scout Tower
19:55 Scout Tower
19:56 Guard Tower
20:23 Guard Tower
20:27 Town Hall
20:32 Farm
21:09 Farm
21:25 Scout Tower
21:40 Scout Tower
21:57 Scout Tower
22:20 Guard Tower
22:21 Arcane Tower
22:25 Scout Tower
22:27 Scout Tower
23:01 Guard Tower
23:03 Guard Tower
23:56 Guard Tower
23:58 Scout Tower
24:25 Guard Tower
24:27 Scout Tower
24:53 Arcane Vault
25:04 Guard Tower
25:04 Guard Tower
25:06 Scout Tower
25:20 Scout Tower
25:40 Guard Tower
25:51 Guard Tower
25:53 Scout Tower
25:59 Scout Tower
26:52 Arcane Tower
26:55 Guard Tower
26:58 Scout Tower
27:28 Scout Tower
27:30 Guard Tower
28:41 Guard Tower
28:43 Scout Tower
29:11 Guard Tower
29:41 Scout Tower
30:40 Guard Tower
30:44 Scout Tower
31:11 Guard Tower
31:16 Scout Tower
31:45 Guard Tower
32:46 Scout Tower
33:17 Scout Tower
33:19 Arcane Tower
» items
| Scroll of Regeneration | 6 | |
| Lesser Clarity Potion | 5 | |
| Scroll of Town Portal | 1 | |
| Potion of Healing | 2 | |
| Potion of Mana | 1 | |
| Orb of Fire | 2 | |
| Staff of Sanctuary | 1 | |
18 total
TheBigGam3 (
orange | 76 APM | 2540 actions | 33:32)
4 Mountain King
2 Storm Bolt
2 Bash
4 Paladin
2 Holy Light
2 Divine Shield
» actions
| Assign group hotkey | 10 | |
| Basic commands | 40 | |
| Build / train | 117 | |
| ESC pressed | 8 | |
| Enter build submenu | 73 | |
| Enter hero's abilities submenu | 9 | |
| Give item / drop item | 8 | |
| Right click | 815 | |
| Select / deselect | 728 | |
| Select group hotkey | 567 | |
| Use ability | 164 | |
2540 total
» units
| Peasant | 21 | |
| Footman | 6 | |
| Rifleman | 1 | |
28 total
» upgrades
| Masonry | 3 | |
| Lumber Harvesting | 2 | |
| Magic Sentry | 1 | |
| Sorceress Training | 2 | |
| Storm Hammers | 1 | |
| Cloud | 1 | |
10 total
» buildings
| Altar of Kings | 1 | |
| Barracks | 1 | |
| Farm | 6 | |
| Scout Tower | 61 | |
| Lumber Mill | 1 | |
| Arcane Tower | 9 | |
| Guard Tower | 51 | |
| Keep | 1 | |
| Arcane Vault | 1 | |
| Town Hall | 2 | |
| Castle | 1 | |
| Arcane Sanctum | 1 | |
| Blacksmith | 1 | |
| Workshop | 1 | |
| Gryphon Aviary | 1 | |
139 total
» build order
00:04 Altar of Kings
00:07 Barracks
00:13 Farm
00:55 Farm
01:42 Scout Tower
01:51 Scout Tower
02:14 Scout Tower
02:29 Lumber Mill
02:58 Farm
03:03 Arcane Tower
03:51 Guard Tower
04:03 Arcane Tower
04:05 Scout Tower
04:12 Scout Tower
04:36 Guard Tower
04:51 Farm
05:04 Keep
05:07 Guard Tower
05:53 Scout Tower
06:24 Arcane Tower
06:26 Scout Tower
06:44 Arcane Vault
07:00 Scout Tower
07:02 Scout Tower
07:03 Scout Tower
07:04 Scout Tower
07:08 Scout Tower
07:09 Scout Tower
07:12 Scout Tower
07:21 Guard Tower
07:58 Farm
08:10 Guard Tower
08:10 Guard Tower
08:11 Guard Tower
08:11 Guard Tower
08:46 Guard Tower
09:13 Guard Tower
09:21 Scout Tower
09:35 Farm
09:48 Guard Tower
10:25 Guard Tower
10:28 Scout Tower
10:29 Scout Tower
10:36 Scout Tower
10:41 Town Hall
10:50 Guard Tower
10:53 Castle
10:59 Guard Tower
11:11 Arcane Sanctum
11:29 Scout Tower
11:31 Guard Tower
11:42 Scout Tower
12:16 Guard Tower
12:18 Guard Tower
12:28 Scout Tower
12:40 Guard Tower
12:45 Scout Tower
14:19 Guard Tower
14:20 Guard Tower
15:45 Guard Tower
16:19 Scout Tower
16:20 Scout Tower
16:21 Scout Tower
16:22 Scout Tower
16:23 Scout Tower
16:24 Scout Tower
16:29 Scout Tower
16:49 Blacksmith
16:59 Scout Tower
17:00 Scout Tower
17:01 Scout Tower
17:04 Guard Tower
17:26 Guard Tower
17:27 Guard Tower
17:53 Guard Tower
17:54 Guard Tower
17:54 Guard Tower
17:55 Scout Tower
17:56 Scout Tower
18:57 Guard Tower
18:57 Guard Tower
19:02 Scout Tower
20:41 Guard Tower
20:42 Guard Tower
20:42 Guard Tower
20:42 Guard Tower
22:32 Scout Tower
22:36 Scout Tower
22:37 Scout Tower
22:38 Scout Tower
23:24 Arcane Tower
23:49 Arcane Tower
23:51 Scout Tower
23:52 Scout Tower
23:55 Guard Tower
24:05 Workshop
24:55 Scout Tower
24:59 Arcane Tower
24:59 Arcane Tower
25:00 Arcane Tower
25:31 Gryphon Aviary
25:36 Arcane Tower
26:08 Guard Tower
26:35 Town Hall
26:38 Scout Tower
26:39 Scout Tower
27:03 Scout Tower
27:28 Guard Tower
27:29 Guard Tower
27:30 Scout Tower
27:31 Scout Tower
27:32 Guard Tower
28:13 Guard Tower
28:13 Guard Tower
28:43 Guard Tower
28:48 Scout Tower
29:21 Guard Tower
29:30 Scout Tower
29:32 Scout Tower
29:32 Scout Tower
29:33 Scout Tower
29:34 Scout Tower
29:35 Scout Tower
29:35 Scout Tower
30:47 Guard Tower
30:47 Guard Tower
30:52 Scout Tower
30:53 Scout Tower
30:59 Scout Tower
31:00 Scout Tower
31:33 Guard Tower
31:34 Guard Tower
31:34 Scout Tower
31:36 Scout Tower
32:20 Guard Tower
32:20 Guard Tower
32:20 Guard Tower
32:21 Guard Tower
33:32 Guard Tower
» items
| Scroll of Regeneration | 1 | |
| Healing Salve | 1 | |
| Lesser Clarity Potion | 1 | |
| Potion of Healing | 1 | |
| Potion of Mana | 1 | |
| Staff of Sanctuary | 1 | |
6 total
zBluePhoenixz (
red | 73 APM | 2438 actions | 33:33)
6 Blademaster
3 Wind Walk
2 Critical Strike
1 Bladestorm
» actions
| Assign group hotkey | 13 | |
| Basic commands | 113 | |
| Build / train | 67 | |
| ESC pressed | 8 | |
| Enter build submenu | 49 | |
| Enter hero's abilities submenu | 6 | |
| Give item / drop item | 11 | |
| Right click | 1332 | |
| Select / deselect | 448 | |
| Select group hotkey | 252 | |
| Use ability | 139 | |
2438 total
» units
| Peon | 20 | |
| Grunt | 5 | |
| Troll Batrider | 13 | |
38 total
» upgrades
| Spiked Barricades | 3 | |
| Ranged Weapons | 2 | |
| Liquid Fire | 1 | |
6 total
» buildings
| Altar of Storms | 1 | |
| Orc Burrow | 6 | |
| Barracks | 1 | |
| War Mill | 1 | |
| Voodoo Lounge | 1 | |
| Watch Tower | 27 | |
| Stronghold | 1 | |
| Beastiary | 2 | |
| Fortress | 1 | |
| Great Hall | 2 | |
43 total
» build order
00:06 Altar of Storms
00:10 Orc Burrow
00:21 Barracks
01:46 War Mill
02:04 Voodoo Lounge
03:58 Watch Tower
04:39 Watch Tower
04:54 Orc Burrow
05:16 Watch Tower
06:17 Watch Tower
06:28 Watch Tower
08:02 Watch Tower
08:06 Watch Tower
08:07 Watch Tower
08:43 Watch Tower
08:48 Watch Tower
09:15 Watch Tower
09:31 Watch Tower
10:03 Watch Tower
10:06 Stronghold
10:55 Watch Tower
11:15 Watch Tower
11:20 Watch Tower
11:27 Watch Tower
12:00 Watch Tower
12:30 Watch Tower
12:39 Watch Tower
12:52 Beastiary
13:43 Beastiary
13:47 Watch Tower
13:50 Watch Tower
14:02 Orc Burrow
19:07 Fortress
20:18 Great Hall
20:32 Orc Burrow
21:30 Orc Burrow
24:43 Orc Burrow
28:59 Watch Tower
30:03 Watch Tower
32:38 Watch Tower
32:49 Watch Tower
32:53 Great Hall
32:56 Watch Tower
» items
| Healing Salve | 4 | |
| Lesser Clarity Potion | 6 | |
| Potion of Healing | 1 | |
| Scroll of Regeneration | 1 | |
| Orb of Lightning | 1 | |
13 total
team 2 (loser)
illegal- (
purple | 54 APM | 1786 actions | 33:04)
3 Blademaster
2 Wind Walk
1 Critical Strike
» actions
| Assign group hotkey | 14 | |
| Basic commands | 15 | |
| Build / train | 76 | |
| ESC pressed | 2 | |
| Enter build submenu | 47 | |
| Enter hero's abilities submenu | 4 | |
| Give item / drop item | 4 | |
| Right click | 920 | |
| Select / deselect | 416 | |
| Select group hotkey | 97 | |
| Use ability | 191 | |
1786 total
» units
» upgrades
| Reinforced Defenses | 1 | |
| Spiked Barricades | 2 | |
| Ranged Weapons | 3 | |
| Burning Oil | 1 | |
7 total
» buildings
| Altar of Storms | 2 | |
| War Mill | 1 | |
| Orc Burrow | 7 | |
| Voodoo Lounge | 5 | |
| Watch Tower | 28 | |
| Stronghold | 1 | |
| Fortress | 3 | |
| Barracks | 3 | |
50 total
» build order
00:07 Altar of Storms
00:10 Altar of Storms
00:16 War Mill
00:21 Orc Burrow
01:14 Voodoo Lounge
02:02 Voodoo Lounge
02:07 Watch Tower
03:22 Watch Tower
03:24 Watch Tower
04:00 Watch Tower
04:05 Voodoo Lounge
04:08 Watch Tower
04:11 Watch Tower
04:53 Watch Tower
04:56 Watch Tower
05:01 Voodoo Lounge
05:43 Watch Tower
06:51 Stronghold
06:56 Watch Tower
07:01 Watch Tower
07:42 Watch Tower
08:00 Watch Tower
08:01 Watch Tower
08:34 Watch Tower
09:36 Watch Tower
09:39 Voodoo Lounge
09:57 Fortress
09:58 Fortress
15:39 Watch Tower
15:40 Watch Tower
15:42 Watch Tower
15:43 Watch Tower
15:52 Watch Tower
15:53 Watch Tower
16:02 Watch Tower
16:03 Watch Tower
17:14 Watch Tower
17:15 Watch Tower
18:46 Watch Tower
18:47 Watch Tower
20:51 Barracks
20:52 Barracks
20:53 Barracks
21:01 Orc Burrow
21:03 Orc Burrow
24:59 Orc Burrow
25:00 Orc Burrow
27:34 Orc Burrow
27:36 Orc Burrow
» items
| Healing Salve | 7 | |
| Lesser Clarity Potion | 13 | |
| Scroll of Speed | 7 | |
| Scroll of Town Portal | 2 | |
| Potion of Healing | 4 | |
| Potion of Mana | 3 | |
| Orb of Lightning | 2 | |
38 total
s2n.imcool (
yellow | 54 APM | 1801 actions | 33:28)
3 Blood Mage
2 Flame Strike
1 Siphon Mana
1 Paladin
1 Holy Light
» actions
| Assign group hotkey | 6 | |
| Basic commands | 23 | |
| Build / train | 98 | |
| ESC pressed | 1 | |
| Enter build submenu | 56 | |
| Enter hero's abilities submenu | 4 | |
| Give item / drop item | 6 | |
| Right click | 898 | |
| Select / deselect | 441 | |
| Select group hotkey | 43 | |
| Use ability | 224 | |
1801 total
» units
» upgrades
» buildings
| Altar of Kings | 1 | |
| Lumber Mill | 1 | |
| Scout Tower | 77 | |
| Farm | 3 | |
| Guard Tower | 43 | |
| Keep | 1 | |
| Arcane Vault | 1 | |
| Town Hall | 1 | |
| Castle | 1 | |
129 total
» build order
00:06 Altar of Kings
00:10 Lumber Mill
00:18 Scout Tower
00:20 Scout Tower
00:34 Farm
00:35 Farm
01:16 Guard Tower
01:28 Guard Tower
01:28 Guard Tower
01:29 Guard Tower
01:39 Scout Tower
01:56 Farm
02:01 Scout Tower
02:53 Scout Tower
02:55 Scout Tower
02:56 Guard Tower
02:57 Guard Tower
03:26 Guard Tower
03:28 Scout Tower
03:44 Scout Tower
03:45 Guard Tower
04:15 Guard Tower
04:16 Scout Tower
04:17 Keep
04:20 Scout Tower
04:45 Guard Tower
04:47 Scout Tower
04:50 Guard Tower
04:54 Scout Tower
05:20 Arcane Vault
05:20 Guard Tower
05:45 Guard Tower
05:46 Scout Tower
05:48 Scout Tower
06:15 Scout Tower
06:16 Scout Tower
06:18 Scout Tower
06:26 Guard Tower
06:28 Scout Tower
06:29 Scout Tower
06:31 Scout Tower
06:58 Guard Tower
07:00 Scout Tower
07:01 Scout Tower
07:01 Guard Tower
07:03 Scout Tower
07:30 Guard Tower
07:40 Guard Tower
07:41 Scout Tower
08:20 Guard Tower
08:23 Guard Tower
08:55 Scout Tower
09:42 Scout Tower
09:43 Guard Tower
10:22 Guard Tower
10:24 Scout Tower
10:26 Scout Tower
10:28 Scout Tower
10:29 Scout Tower
10:30 Scout Tower
10:31 Scout Tower
10:33 Scout Tower
10:34 Scout Tower
10:35 Scout Tower
10:37 Scout Tower
10:43 Scout Tower
10:44 Scout Tower
10:45 Scout Tower
10:46 Scout Tower
10:48 Scout Tower
10:50 Scout Tower
10:51 Scout Tower
10:53 Scout Tower
10:54 Scout Tower
10:55 Scout Tower
12:27 Scout Tower
12:28 Scout Tower
12:31 Town Hall
12:34 Scout Tower
12:36 Scout Tower
12:38 Scout Tower
12:39 Scout Tower
12:41 Scout Tower
12:44 Guard Tower
12:45 Scout Tower
12:47 Scout Tower
12:48 Scout Tower
12:49 Scout Tower
12:50 Scout Tower
12:51 Scout Tower
12:52 Scout Tower
12:53 Scout Tower
12:54 Scout Tower
12:55 Scout Tower
12:58 Scout Tower
12:58 Scout Tower
13:00 Scout Tower
13:12 Guard Tower
13:52 Guard Tower
14:32 Guard Tower
15:27 Guard Tower
16:03 Guard Tower
17:02 Guard Tower
17:54 Guard Tower
18:04 Guard Tower
18:52 Guard Tower
18:53 Scout Tower
18:55 Scout Tower
20:37 Guard Tower
20:37 Guard Tower
20:39 Guard Tower
21:05 Castle
24:42 Scout Tower
24:43 Scout Tower
24:44 Scout Tower
25:36 Guard Tower
26:49 Guard Tower
26:50 Scout Tower
27:42 Guard Tower
27:43 Scout Tower
27:44 Scout Tower
27:44 Scout Tower
28:45 Guard Tower
29:05 Guard Tower
29:05 Scout Tower
29:43 Guard Tower
29:44 Scout Tower
» items
| Scroll of Town Portal | 2 | |
| Potion of Healing | 9 | |
| Scroll of Regeneration | 3 | |
| Lesser Clarity Potion | 8 | |
| Potion of Mana | 3 | |
| Staff of Sanctuary | 1 | |
| Orb of Fire | 1 | |
27 total
tRi_coRe_mAn01 (
teal | 81 APM | 2707 actions | 33:31)
4 Pit Lord
2 Rain of Fire
2 Cleaving Attack
1 Keeper of the Grove
1 Entangling Roots
» actions
| Assign group hotkey | 12 | |
| Basic commands | 2 | |
| Build / train | 73 | |
| ESC pressed | 3 | |
| Enter build submenu | 32 | |
| Enter hero's abilities submenu | 5 | |
| Give item / drop item | 7 | |
| Right click | 1349 | |
| Select / deselect | 204 | |
| Select group hotkey | 910 | |
| Use ability | 110 | |
2707 total
» units
| Wisp | 26 | |
| Chimaera | 7 | |
| Hippogryph | 2 | |
35 total
» upgrades
| Nature's Blessing | 1 | |
| Ultravision | 1 | |
| Well Spring | 1 | |
| Strength of the Wild | 3 | |
| Corrosive Breath | 1 | |
7 total
» buildings
| Altar of Elders | 1 | |
| Moon Well | 41 | |
| Ancient of Wonders | 5 | |
| Tree of Ages | 4 | |
| Hunter's Hall | 1 | |
| Tree of Eternity | 1 | |
| Ancient of Wind | 1 | |
| Tree of Life | 2 | |
| Chimaera Roost | 3 | |
| Ancient Protector | 3 | |
62 total
» build order
00:10 Altar of Elders
00:19 Moon Well
01:39 Moon Well
01:51 Moon Well
02:42 Moon Well
02:43 Moon Well
03:30 Moon Well
04:11 Moon Well
04:19 Ancient of Wonders
05:04 Tree of Ages
05:04 Tree of Ages
07:01 Hunter's Hall
07:52 Moon Well
07:54 Moon Well
07:56 Moon Well
09:02 Moon Well
09:28 Moon Well
09:30 Moon Well
09:36 Tree of Eternity
10:59 Moon Well
11:01 Moon Well
11:02 Moon Well
11:04 Moon Well
11:06 Moon Well
11:07 Moon Well
11:21 Moon Well
11:27 Moon Well
11:28 Moon Well
11:30 Moon Well
11:31 Moon Well
11:33 Moon Well
11:35 Moon Well
11:36 Moon Well
11:38 Moon Well
12:42 Moon Well
12:44 Moon Well
12:47 Moon Well
12:54 Moon Well
13:16 Moon Well
14:04 Moon Well
14:06 Moon Well
14:07 Moon Well
14:14 Moon Well
14:16 Moon Well
14:19 Moon Well
14:21 Moon Well
14:23 Moon Well
16:59 Ancient of Wonders
17:01 Ancient of Wonders
17:06 Ancient of Wonders
17:09 Ancient of Wonders
21:01 Ancient of Wind
22:06 Tree of Life
22:53 Chimaera Roost
22:54 Chimaera Roost
22:55 Chimaera Roost
23:24 Tree of Life
27:29 Ancient Protector
27:31 Ancient Protector
27:32 Ancient Protector
» items
| Staff of Preservation | 1 | |
| Moonstone | 1 | |
| Lesser Clarity Potion | 2 | |
| Potion of Healing | 4 | |
| Orb of Venom | 2 | |
| Anti-magic Potion | 4 | |
| Scroll of Town Portal | 1 | |
| Staff of Sanctuary | 1 | |
16 total
Chat log
(00:18 / Allies) Redhana: muon thu tiep khong ?
(00:24 / Allies) zBluePhoenixz: nah
(00:24 / Allies) TheBigGam3: ?
(00:27 / Allies) Redhana: ok
(00:30 / Allies) Redhana: mk pally
(00:40 / Allies) zBluePhoenixz: 1 of u guys get aoe
(00:45 / Allies) TheBigGam3: we need practice
(00:45 / Allies) Redhana: thu may lan la minh ranh ha haha
(00:52 / Allies) Redhana: no aoe ??
(00:54 / All) illegal-: ^^
(00:55 / All) illegal-: LLO
(00:56 / All) illegal-: LOL
(00:57 / All) illegal-: LOLO
(00:57 / All) illegal-: LO
(00:58 / All) illegal-: LO
(00:58 / All) illegal-: O
(00:59 / All) illegal-: LO
(00:59 / All) illegal-: OL
(01:00 / All) illegal-: OL
(01:00 / All) illegal-: LOL
(01:00 / Allies) TheBigGam3: this guy like noob
(01:05 / Allies) TheBigGam3: uh tower
(01:09 / Allies) Redhana: ok
(01:10 / Allies) Redhana: fuck them
(01:19 / Allies) Redhana: tung tower ?
(01:19 / Allies) zBluePhoenixz: dm 2 thang di mk?
(01:24 / Allies) Redhana: yeah
(01:28 / Allies) Redhana: tower ?
(01:31 / Allies) TheBigGam3: tower
(01:32 / Allies) Redhana: may thang nay gia mom
(01:33 / All) tRi_coRe_mAn01: plz tell your moms to close there legs i can smell them from here
(01:33 / Allies) Redhana: ok
(01:33 / Allies) zBluePhoenixz: wtf?
(01:36 / Allies) zBluePhoenixz: l;ol
(01:49 / All) s2n.imcool: excuse my noob @ shittalking partners
(01:51 / Allies) Redhana: co kinh ngiem roi
(01:54 / All) s2n.imcool: they are awful
(01:57 / Allies) Redhana: lay units
(02:01 / Allies) Redhana: secure first
(02:03 / Allies) TheBigGam3: less wood in this mad
(02:04 / Allies) TheBigGam3: map
(02:27 / All) s2n.imcool: ROFL AT UR BASE
(02:28 / All) s2n.imcool: sCRUB
(02:32 / All) illegal-: ROFL
(02:33 / All) illegal-: ROFL
(02:34 / All) illegal-: ROFL
(02:35 / All) illegal-: ROFL
(02:36 / All) illegal-: NICE
(02:37 / All) illegal-: HERO
(02:38 / All) illegal-: U FUCK TARD
(02:39 / All) illegal-: O WAIT
(02:41 / All) illegal-: U DONT HAE ONE
(02:42 / All) illegal-: CU U SUCK
(02:47 / All) s2n.imcool: roffl
(02:48 / Allies) Redhana: help no
(02:50 / Allies) Redhana: towers up tung
(03:02 / All) illegal-: STO GETTUBG FURED BIIB"
(03:09 / All) s2n.imcool: BBQ BASE
(03:25 / All) s2n.imcool: YOU GOT SO LITTLE SKILL
(03:39 / All) s2n.imcool: MY FUCKING NIECE OF AGE FOUR PLAYS BETTER THAN YOU
(03:42 / All) s2n.imcool: GO BACK TO DOTA
(03:49 / All) illegal-: LET UR TOWERS DIEMOR
(03:51 / All) illegal-: COCKBLOCK
(03:53 / All) illegal-: FUCKING NIGGER
(04:01 / All) s2n.imcool: FUCKING L2REPAIR
(04:06 / All) s2n.imcool: I MEAN SERIOUSLY
(04:11 / All) s2n.imcool: IF YOU REPAIR IT MIGHT NOT DIE
(04:13 / All) s2n.imcool: HAVE U THOUGHT OF THAT?
(04:21 / All) illegal-: MK
(04:22 / All) illegal-: LOL
(04:23 / All) illegal-: NERF
(04:23 / All) illegal-: NOOB
(04:27 / All) illegal-: LMFAO
(04:28 / All) illegal-: LET IT DIE
(04:28 / All) illegal-: MORE
(04:28 / All) s2n.imcool: HOTKEY IS R
(04:29 / All) illegal-: ROFL
(04:29 / All) illegal-: ROFL
(04:30 / All) illegal-: ROFL
(04:31 / All) s2n.imcool: FOR REPAIR
(04:40 / All) s2n.imcool: OR YOU CAN RIGHT CLICK IT
(04:43 / All) s2n.imcool: AND IT WILL AUTO REPAIR
(04:45 / Allies) Redhana: haha
(04:54 / Allies) Redhana: tui no cung towrs
(05:03 / Allies) Redhana: i think
(05:44 / Allies) Redhana: tower
(05:45 / Allies) Redhana: alot
(06:16 / All) illegal-: LOL
(06:18 / All) illegal-: BOLT ME NIGGER
(06:24 / All) illegal-: DUAL MK
(06:26 / All) illegal-: N U CANT BOLT ME
(06:28 / All) illegal-: THERE YA GO
(06:31 / All) illegal-: LOL
(06:32 / All) illegal-: LOL
(06:35 / Allies) zBluePhoenixz: scout di
(06:39 / All) illegal-: LOL
(06:39 / All) illegal-: LOL
(06:40 / All) illegal-: LOL
(06:40 / All) illegal-: LOL
(06:41 / All) illegal-: OL
(06:41 / All) illegal-: LOL
(06:42 / All) illegal-: LO
(06:42 / All) illegal-: OOLOL
(06:43 / All) illegal-: LOL
(06:43 / All) illegal-: OL
(06:44 / All) illegal-: LOL
(06:44 / All) illegal-: LO
(06:44 / All) illegal-: LO
(06:45 / All) illegal-: LO
(06:45 / All) illegal-: LO
(06:45 / All) illegal-: LO
(06:45 / All) illegal-: LO
(06:46 / All) illegal-: LO
(06:46 / All) illegal-: OL
(06:47 / All) illegal-: OL
(06:50 / Allies) TheBigGam3: tao muon giet thang cac nay ghe
(06:55 / Allies) TheBigGam3: dun lose
(07:11 / All) illegal-: OARNGE
(07:11 / All) illegal-: GREN
(07:14 / All) illegal-: UR FUCKING TERRIBLE
(07:15 / Allies) Redhana: tower
(07:34 / All) illegal-: LOL
(07:35 / All) illegal-: NICE
(07:35 / All) illegal-: TP
(07:36 / All) illegal-: NOOB
(08:00 / All) s2n.imcool: ARE U COPYING ME FAGGOT?
(09:04 / Allies) Redhana: may thang nay towers
(09:13 / Allies) Redhana: get dectct
(09:59 / All) s2n.imcool: WHAT IS THIS SHIT, THINK UP YOUR OWNS TRAT FAGGOTS
(10:22 / Allies) Redhana: get bat tung
(10:56 / Allies) Redhana: get detect
(10:59 / Allies) Redhana: aracne
(11:03 / Allies) Redhana: then get detect
(11:31 / Allies) zBluePhoenixz: build
(11:48 / Allies) zBluePhoenixz: hung
(11:49 / Allies) zBluePhoenixz: wtf
(11:58 / Allies) Redhana: get that gold mine
(12:03 / Allies) Redhana: hung
(12:05 / Allies) Redhana: come after that
(12:11 / Allies) zBluePhoenixz: go danh?>
(12:14 / Allies) zBluePhoenixz: ff lvl 7
(12:16 / Allies) Redhana: go
(12:34 / Allies) zBluePhoenixz: nice
(12:44 / Allies) Redhana: air ?
(12:56 / Allies) zBluePhoenixz: im building
(12:57 / Allies) Redhana: bolt
(12:58 / Allies) zBluePhoenixz: gold and wood
(14:04 / Allies) zBluePhoenixz: wood
(14:18 / Allies) Redhana: get feedback too
(14:27 / All) zBluePhoenixz: fuck h ung
(14:28 / Allies) zBluePhoenixz: wtf
(14:34 / Allies) TheBigGam3: shit didnt c
(14:43 / Allies) zBluePhoenixz: lumbers plz
(15:08 / Allies) zBluePhoenixz: dm ko xay tower kia?
(15:16 / Allies) TheBigGam3: wtf
(15:20 / Allies) TheBigGam3: not die yet
(15:30 / Allies) Redhana: lol
(15:31 / Allies) Redhana: see ?
(15:46 / Allies) zBluePhoenixz: the fuck
(15:49 / Allies) zBluePhoenixz: sao o heal?>
(16:15 / Allies) zBluePhoenixz: uong binh tim di heal mana luon
(16:28 / Allies) Redhana: come
(16:31 / Allies) Redhana: units tung
(17:04 / Allies) Redhana: bolt the bird
(17:53 / Allies) Redhana: shop
(18:12 / Allies) zBluePhoenixz: get air
(18:15 / Allies) zBluePhoenixz: aa do
(18:33 / Allies) zBluePhoenixz: sao o uong mana bold chet me no
(19:23 / Allies) zBluePhoenixz: lay mo nay luon
(20:13 / Allies) Redhana: lay naga
(20:16 / Allies) Redhana: 3rd hero
(20:20 / Allies) Redhana: 2 tui bay lay panda di
(20:45 / Allies) Redhana: towers gium tao haha
(20:46 / Allies) zBluePhoenixz: ff con manh nhat
(21:14 / Allies) TheBigGam3: danh
(21:17 / Allies) TheBigGam3: expo
(21:19 / Allies) Redhana: may lay di
(21:28 / Allies) Redhana: im bz here
(21:35 / Allies) Redhana: may lay di
(21:50 / Allies) Redhana: tui nay xui gap minh haha
(21:54 / Allies) zBluePhoenixz: lol
(21:59 / Allies) Redhana: no shop
(22:15 / Allies) zBluePhoenixz: noobs
(22:21 / Allies) zBluePhoenixz: lol
(22:46 / Allies) zBluePhoenixz: deo co du towers
(22:46 / Allies) TheBigGam3: pee watch my base
(23:22 / Allies) Redhana: damn nice
(23:33 / All) zBluePhoenixz: NOOBS
(23:53 / All) Redhana: nowhere near our lvl tho
(24:01 / All) Redhana: try harder
(24:15 / Allies) zBluePhoenixz: lay luoln
(24:43 / Allies) Redhana: tu tu
(25:02 / All) Redhana: nice towers ^^
(25:25 / Allies) Redhana: b
(25:25 / Allies) Redhana: b
(25:25 / Allies) Redhana: b
(26:02 / Allies) Redhana: you take
(26:02 / Allies) zBluePhoenixz: towr here for me
(26:03 / Allies) Redhana: im bz
(26:05 / Allies) Redhana: 3 mines already
(26:07 / Allies) Redhana: wtf
(26:42 / Allies) Redhana: wait
(26:52 / Allies) zBluePhoenixz: ill get it
(26:54 / Allies) zBluePhoenixz: tower
(26:59 / Allies) zBluePhoenixz: all around
(27:06 / Allies) Redhana: tui no dang lay siege chu oi
(27:06 / Allies) Redhana: haha
(27:24 / All) illegal-: NICEMAPHAKC
(27:29 / All) Redhana: ty
(27:29 / All) zBluePhoenixz: i know
(27:33 / All) zBluePhoenixz: plz report us
(27:43 / All) zBluePhoenixz: ur mouths were so big when it started?
(27:52 / All) zBluePhoenixz: how come ur not saying nething/.?
(27:53 / All) Redhana: go to www.wehack.com
(27:54 / All) zBluePhoenixz: lol
(28:52 / Allies) Redhana: haha
(28:55 / Allies) Redhana: tower first
(29:55 / Allies) zBluePhoenixz: 1 towr for me plz
(30:00 / Allies) zBluePhoenixz: nhin tanh hinh
(30:05 / Allies) zBluePhoenixz: lol
(30:11 / Allies) Redhana: lol
(30:20 / All) zBluePhoenixz: LOL
(30:24 / All) illegal-: nice
(30:24 / All) Redhana: whats wrong ?
(30:27 / All) illegal-: nice maphack
(30:33 / All) Redhana: i know man
(30:52 / All) Redhana: feel powerless ?
(31:00 / All) s2n.imcool: lol u guys
(31:03 / All) s2n.imcool: cant do shit
(31:03 / All) zBluePhoenixz: Plz say something
(31:05 / All) s2n.imcool: its amusing
(31:07 / All) s2n.imcool: i have 14k gold
(31:09 / All) s2n.imcool: stored up
(31:11 / All) s2n.imcool: doing nothing
(31:12 / All) Redhana: really ?
(31:17 / All) s2n.imcool: ya lol
(31:23 / All) Redhana: we have 3 gold mines stored up
(31:24 / All) zBluePhoenixz: Lol
(31:27 / All) Redhana: doing nothing
(31:30 / All) Redhana: each
(31:31 / All) illegal-: wow bats
(31:33 / All) illegal-: I liek how U START
(31:35 / All) illegal-: getting bats
(31:38 / All) illegal-: when we get air
(31:39 / All) Redhana: here come the bats
(31:55 / All) Redhana: run!!!
(32:11 / Allies) zBluePhoenixz: palluy
(32:17 / All) zBluePhoenixz: ROFKL
(32:20 / All) zBluePhoenixz: lvl 6 bm
(32:23 / All) Redhana: fuck
(32:25 / All) Redhana: he got the work
(32:26 / All) Redhana: er
(32:28 / All) Redhana: shit
(32:30 / All) Redhana: do something
(32:40 / All) Redhana: yeah that
(32:42 / All) illegal-: NICE MAPHACK
(32:47 / All) Redhana: ty again
(32:57 / Allies) Redhana: lol
(32:58 / All) Redhana: owned
(33:00 / All) TheBigGam3: yea i just got this off ebay nice maphack
(33:00 / Allies) Redhana: haha
(33:06 / All) Redhana: lol
(33:08 / All) Redhana: y leave ?
(33:13 / All) Redhana: we just started
(33:17 / All) zBluePhoenixz: 14k stock up?
(33:20 / All) zBluePhoenixz: what a joke
(33:21 / All) s2n.imcool: is why
(33:22 / All) s2n.imcool: lol
(33:24 / All) Redhana: not enuff haha
(33:24 / All) zBluePhoenixz: lol we r so happy now
(33:26 / All) zBluePhoenixz: hahahahaha
(33:28 / Allies) zBluePhoenixz: ahahahaha
(33:31 / All) zBluePhoenixz: muahahahah